AoeStats
← Echidna

Hideout

509286499Analyzed
1v1 RM · 7d ago on Sep 26, 2026· 53m 15s· 2 players
Game mode
Random Map
Map size
Tiny (2 player)
Population
200
Speed
Normal
Resources
Standard
Victory
Conquest
Starting age
Dark Age
Ending age
Imperial Age
RankedLock teamsTeams togetherTeam positionsShared explorationLock speedFull tech treeHidden civsTurbo modeCheats
Victory
Defeat
🇧🇷 Slavs · Brazil
672
+17
🇦🇺 Danes · Australia
629
-14
Echidna
6:37 Loom
9:30 Feudal Age
10:01 Double-Bit Axe
9:59 Horse Collar
11:57 Wheelbarrow
15:13 Fletching
17:32 Town Watch
17:36 Arson
18:07 Forging
17:57 Scale Mail Armor
22:42 Castle Age
21:19 Gold Mining
23:52 Heavy Plow
24:05 Bow Saw
24:14 Hand Cart
25:24 Town Patrol
25:56 Bodkin Arrow
29:33 Squires
31:42 Stone Mining
34:20 Hamask
36:25 Iron Casting
36:05 Chain Mail Armor
36:39 Fervor
40:02 Imperial Age
41:06 Gold Shaft Mining
41:06 Stone Shaft Mining
42:49 Blast Furnace
42:19 Plate Mail Armor
41:50 Padded Archer Armor
42:55 Conscription
42:07 Elite Varangian Guard
42:44 Onager
44:00 Bracer
44:26 Arrowslits
45:42 Chemistry
45:03 Ballistics
44:49 Siege Engineers
44:54 Masonry
44:41 Murder Holes
44:38 Guard Tower
47:28 Hoardings
48:20 Pikeman
henrique.villetti
8:40 Loom
11:22 Feudal Age
12:45 Horse Collar
12:51 Double-Bit Axe
17:03 Stone Mining
20:18 Castle Age
22:50 Bloodlines
22:41 Husbandry
22:44 Gold Mining
23:59 Heavy Plow
24:11 Bow Saw
24:54 Gold Shaft Mining
25:32 Forging
25:29 Scale Barding Armor
27:22 Wheelbarrow
31:19 Imperial Age
30:22 Iron Casting
31:34 Hand Cart
31:43 Chain Barding Armor
33:15 Chemistry
31:42 Capped Ram
33:14 Conscription
33:03 Detinets
33:33 Elite Boyar
36:42 Blast Furnace
36:18 Plate Barding Armor
36:21 Crop Rotation
36:54 Two-Man Saw
38:12 Fletching
38:23 Padded Archer Armor
38:48 Ballistics
38:36 Siege Engineers
39:32 Siege Ram
41:49 Bodkin Arrow
42:09 Leather Archer Armor
42:08 Masonry
41:55 Murder Holes
44:19 Light Cavalry
Connection lost

Rejoining the realm…

Still unreachable

The connection could not be restored.

Session expired

The server has moved on; the page needs a fresh start.